 Dungeon Crawl Stone Soup version 0.30-a0-672-gc3a7216ad8 (webtiles) character file.

Game seed: 9092690057599812927

69 bande the Covered (level 4, -1/29 HPs)
             Began as a Gargoyle Fighter on Jan 18, 2023.
             Slain by a gnoll
             ... wielding a +0 spear
              (5 damage)
             ... on level 3 of the Dungeon.
             The game lasted 00:01:51 (1630 turns).

bande the Covered (Gargoyle Fighter)                Turns: 1630, Time: 00:01:51

Health: -1/29      AC: 16    Str: 19    XL:     4   Next: 20%
Magic:  4/4        EV:  5    Int:  9    God:
Gold:   85         SH:  5    Dex: 17    Spells: 3/3 levels left

rFire   . . .      SeeInvis .    a - +0 war axe
rCold   . . .      Faith    .    c - +0 buckler
rNeg    + . .      Spirit   .    g - +0 plate armour
rPois   ∞          Reflect  .    (no helmet)
rElec   +          Harm     .    k - +0 cloak
rCorr   .          Rampage  .    (no gloves)
Will    .....                    (no boots) Stlth
                                 (no amulet)
HPRegen 0.24/turn                i - +6 ring of dexterity
MPRegen 0.09/turn                (no ring)

@: no status effects
A: sickness immunity, AC +3, negative energy resistance 1, electricity
resistance, torment resistance 1, petrification resistance
a: no special abilities


You were on level 3 of the Dungeon.
You visited 1 branch of the dungeon, and saw 3 of its levels.

You collected 85 gold pieces.

Inventory:

Hand Weapons
 a - a +0 war axe (weapon)
Armour
 c - a +0 buckler (worn)
 g - a +0 plate armour (worn)
 k - a +0 cloak (worn)
Jewellery
 h - an amulet of magic regeneration
 i - a +6 ring of dexterity (left hand)
Scrolls
 e - a scroll of fog {unknown}
 j - 2 scrolls of identify {unknown}
Potions
 b - 2 potions of brilliance {unknown}
 d - 3 potions of might
 f - 5 potions of curing {unknown}


   Skills:
 + Level 3.7 Fighting
 + Level 2.8 Axes
 + Level 4.0 Armour
 + Level 3.5 Shields


You had 3 spell levels left.
You didn't know any spells.
Your spell library was empty.

Dungeon Overview and Level Annotations

Branches:
Dungeon (3/15)

Altars:


Innate Abilities, Weirdness & Mutations

You are immune to sickness and miasma.
Your stone body is resilient. (AC +3)
You are immune to poison.
You resist negative energy. (rN+)
You are resistant to electric shocks. (rElec)
You are resistant to unholy torment.
You are immune to petrification.


Message History

The gnoll is heavily wounded.
You slash the adder!
You kill the adder!
The gnoll hits you but does no damage. x2
Your Armour skill increases to level 4!
You hit the gnoll but do no damage.
The gnoll is heavily wounded.
You hit the orc but do no damage. The orc hits you but does no damage.
You block the gnoll's attack. The gnoll hits you but does no damage.
You hit the gnoll but do no damage.
The gnoll is heavily wounded.
You barely miss the orc. The gnoll closely misses you.
The gnoll hits you but does no damage. x2; The gnoll hits you with a +0 whip.
* * * LOW HITPOINT WARNING * * *
The orc hits you but does no damage. The rat bites you.
* * * LOW HITPOINT WARNING * * *
You hit the gnoll.
The gnoll is severely wounded.
You slash the rat!
You kill the rat!
You barely miss the orc. The orc hits you but does no damage.
The gnoll hits you but does no damage. You block the gnoll's attack.
You barely miss the gnoll.
The gnoll is severely wounded.
You hit the orc but do no damage. You slash the orc!
You kill the orc!
You block the orc's attack.
The gnoll hits you but does no damage. x2
You barely miss the gnoll.
The gnoll is severely wounded.
You hit the worm. You closely miss the orc.
The orc hits you but does no damage. You block the gnoll's attack.
The gnoll hits you but does no damage. The orc hits you but does no damage.
The gnoll hits you but does no damage. x2; The worm barely misses you.
You closely miss the gnoll.
The gnoll is severely wounded.
You hit the orc but do no damage. You hit the worm.
The orc hits you with a +0 dagger.
* * * LOW HITPOINT WARNING * * *
The gnoll hits you from afar with a +0 spear.
You die...

...######
......).#
.....#@###
#.wog<#
#$g.###
.......(
....###.
..... .#
.... ##
....


You could see a worm, 2 gnolls and an orc.

Vanquished Creatures
  2 adders
  A gnoll (D:3)
  2 orcs (D:3)
  2 ball pythons
  2 bats (D:1)
  4 endoplasms
  A giant cockroach (D:1)
  2 goblins (D:1)
  4 hobgoblins
  5 jackals
  2 quokkas
  A frilled lizard (D:1)
  4 kobolds
  5 rats
37 creatures vanquished.

Notes
Turn   | Place    | Note
-------+----------+-------------------------------------------
     0 | D:1      | bande the Gargoyle Fighter began the quest for the Orb.
     0 | D:1      | Reached XP level 1. HP: 14/14 MP: 1/1
   276 | D:1      | Reached XP level 2. HP: 19/19 MP: 2/2
   624 | D:2      | Reached XP level 3. HP: 23/23 MP: 3/3
  1621 | D:3      | Reached XP level 4. HP: 15/29 MP: 4/4
  1625 | D:3      | Reached skill level 4 in Armour
  1630 | D:3      | Slain by a gnoll

Illustrated notes

Levels and vault maps discovered:
D:1:      eino_arrival_water_star, layout_basic, palyth_stone_intersect
D:2:      layout_basic
D:3:      due_chaos_kobolds, layout_basic, ebering_ghost_rock_garden,
          minmay_surrounded

Skill      XL: |  1  2  3  4 |
---------------+-------------+-----
Axes           | 2 |  2.8
Armour         | 4 |  4.0
Fighting       | |  3.7
Shields        | |  3.5

Action                   |  1- 3 |  4- 6 || total
-------------------------+-------+-------++-------
Melee: War axe           |    87 |    10 ||    97
Armor: Plate armour      |    74 |    22 ||    96
Dodge: Dodged            |    31 |     4 ||    35
Block: Buckler           |    16 |     7 ||    23

Table legend: (Time is in decaauts)
 A = Elapsed time spent in this place.
 B = Non-inter-level travel time spent in this place.
 C = Inter-level travel time spent in this place.
 D = Time resting spent in this place.
 E = Time spent auto-exploring this place.
 F = Levels seen in this place.
 G = Mean time per level.
                   A        B        C        D        E       F      G
               +--------+--------+--------+--------+--------+-----+--------+
         Total |   1671 |   1671 |      0 |    169 |   1174 |   3 |  557.0 |
       Dungeon |   1671 |   1671 |      0 |    169 |   1174 |   3 |  557.0 |
               +--------+--------+--------+--------+--------+-----+--------+

Top non-repeatable levels by time:
     D:2: 1033 daAuts
     D:1: 609 daAuts
     D:3: 29 daAuts
